 Dungeon Crawl Stone Soup version 0.19.4 (webtiles) character file.

1231 sveltemanboy the Destroyer (level 8, 0/45 HPs)
             Began as a Tengu Conjurer on Jan 31, 2017.
             Slain by an unseen horror (1 damage)
             ... on level 6 of the Dungeon.
             The game lasted 00:14:54 (7083 turns).

sveltemanboy the Destroyer (Tengu Conjurer)         Turns: 7083, Time: 00:14:55

Health: 0/45       AC:  6    Str:  9    XL:     8   Next: 48%
Magic:  12/12      EV: 12    Int: 17    God:
Gold:   354        SH:  0    Dex: 21    Spells: 3 memorised, 4 levels left

rFire  . . .     SeeInvis .     m - +0 dagger (venom)
rCold  . . .     Gourm    .     G - +0 leather armour
rNeg   . . .     Faith    .     (no shield)
rPois  .         Spirit   .     s - +0 hat
rElec  .         Reflect  .     y - +0 cloak
rCorr  .         Harm     .     (no gloves)
MR     .....                    (boots unavailable)
Stlth  +.........               (no amulet)
                                g - +4 ring of dexterity
                                x - +3 ring of protection

@: confused
A: beak, talons 3, agile 1, deformed body, screaming 1, able to fly 1
a: Fly


You were on level 6 of the Dungeon.
You were not hungry.

You visited 1 branch of the dungeon, and saw 6 of its levels.

You collected 354 gold pieces.

Inventory:

Hand Weapons
 m - a +0 dagger of venom (weapon)
 u - a +0 falchion
Armour
 s - a +0 hat (worn)
 y - a +0 cloak (worn)
 G - a +0 leather armour (worn)
Jewellery
 g - a +4 ring of dexterity (right hand)
 n - an uncursed ring of resist corrosion
 x - a +3 ring of protection (left hand)
Wands
 t - a wand of acid (1/15)
 F - a wand of lightning (3/15)
Scrolls
 i - a scroll of fog {unknown}
 j - a scroll of fear {unknown}
 l - a scroll of remove curse
 q - 2 scrolls of teleportation {unknown}
 w - 2 scrolls of enchant armour {unknown}
 A - a scroll of magic mapping
 C - 3 scrolls of identify
 E - 2 scrolls of noise {unknown}
Potions
 d - a potion of degeneration {unknown}
 f - 2 potions of agility {unknown}
 k - a potion of resistance {unknown}
 o - a potion of heal wounds {unknown}
 v - 2 potions of flight {unknown}
 z - a potion of cure mutation {unknown}
 B - a potion of haste {unknown}
Books
 b - a book of Conjurations

   Spells                             Type                      Level
   a - Magic Dart                     Conjuration                  1
   b - Searing Ray                    Conjuration                  2
   c - Dazzling Spray                 Conjuration/Hexes            3
   d - Fulminant Prism                Conjuration/Hexes            4
   e - Iskenderun's Mystic Blast      Conjuration                  4
   f - Iskenderun's Battlesphere      Conjuration/Charms           5
Comestibles
 c - 6 bread rations
 p - 4 meat rations
 r - a beef jerky


   Skills:
 + Level 2.4 Fighting
 * Level 4.7 Long Blades
 - Level 4.0 Armour
 - Level 2.1 Dodging
 - Level 2.0 Stealth
 - Level 2.0 Spellcasting
 * Level 10.9 Conjurations


You had 4 spell levels left.
You knew the following spells:

 Your Spells              Type           Power        Failure   Level  Hunger
a - Magic Dart            Conj           ####         1%          1    #......
b - Searing Ray           Conj           #####.       1%          2    ###....
c - Iskenderun's Mystic   Conj           #####...     3%          4    #####..


Dungeon Overview and Level Annotations

Branches:
Dungeon (6/15)
 Temple: D:4-7

Altars:


Innate Abilities, Weirdness & Mutations

You have a beak for a mouth.
You have claws for feet.
You can fly.
You are agile. (Dex +2)
Armour fits poorly on your strangely shaped body.
You occasionally shout uncontrollably at your foes.


Message History

Something hits you!
The searing ray hits something.
Something hits you.
The searing ray hits something.
Something hits you!
* * * LOW HITPOINT WARNING * * *
Something barely misses you.
The searing ray hits something.
You finish channeling your searing ray.
Something hits you.
* * * LOW HITPOINT WARNING * * *
You feel better. Something hits you.
* * * LOW HITPOINT WARNING * * *
Something hits you but does no damage.
You are confused.
You feel invigorated. Something hits you.
* * * LOW HITPOINT WARNING * * *
Something hits you.
* * * LOW HITPOINT WARNING * * *
You hit something but do no damage. You peck something. Something hits you.
* * * LOW HITPOINT WARNING * * *
Something hits you.
You die...

#..## #....
#)...##
#.....#
#....# ....#
#..#
#.##########
#....@.....#
##########.#


There were no monsters in sight!

Vanquished Creatures
  Grinder (D:3)
  A sky beast (D:5)
  2 ogres
  A centaur (D:5)
  A phantom (D:5)
  Blork the orc (D:5)
  A howler monkey (D:4)
  A jelly (D:5)
  A hound (D:4)
  2 orc wizards
  7 worker ants
  Terence (D:2)
  2 killer bee zombies
  A gnoll (D:4)
  7 adders
  2 oozes
  An adder skeleton (D:4)
  2 worms (D:3)
  2 dart slugs (D:2)
  2 leopard geckos
  10 orcs
  3 ball pythons
  6 bats
  A giant cockroach (D:1)
  7 hobgoblins
  2 jackals (D:2)
  8 kobolds
  A ball python skeleton (D:4)
  5 frilled lizards
  6 goblins
  A leopard gecko skeleton (D:4)
  5 rats
  A bush (D:1)
  A plant (D:1)
96 creatures vanquished.

Notes
Turn   | Place    | Note
-------+----------+-------------------------------------------
     0 | D:1      | sveltemanboy the Tengu Conjurer began the quest for the Orb.
     0 | D:1      | Reached XP level 1. HP: 10/10 MP: 4/4
   374 | D:1      | Reached XP level 2. HP: 15/15 MP: 4/6
   417 | D:1      | Learned a level 2 spell: Searing Ray
   777 | D:1      | Reached skill level 1 in Armour
   829 | D:1      | Reached skill level 6 in Conjurations
  1032 | D:1      | Reached XP level 3. HP: 19/19 MP: 3/7
  1071 | D:1      | Gained mutation: You are agile. (Dex +2) [potion of mutation]
  1071 | D:1      | Gained mutation: Armour fits poorly on your strangely shaped body. [potion of mutation]
  1071 | D:1      | Gained mutation: You occasionally shout uncontrollably at your foes. [potion of mutation]
  2171 | D:2      | Reached XP level 4. HP: 24/24 MP: 4/8
  2423 | D:2      | Noticed Terence
  2461 | D:2      | Killed Terence
  2461 | D:2      | Reached skill level 7 in Conjurations
  2621 | D:2      | Learned a level 4 spell: Iskenderun's Mystic Blast
  2701 | D:2      | Gained mutation: You can fly. [Tengu growth]
  2701 | D:2      | Reached XP level 5. HP: 25/28 MP: 5/9
  3579 | D:3      | Noticed Grinder
  3630 | D:3      | HP: 1/28 [Grinder (3)]
  3642 | D:3      | Killed Grinder
  3642 | D:3      | Reached skill level 8 in Conjurations
  3642 | D:3      | Reached XP level 6. HP: 8/32 MP: 7/10
  4552 | D:4      | Reached skill level 9 in Conjurations
  4625 | D:4      | Reached XP level 7. HP: 36/36 MP: 5/11
  5021 | D:4      | Reached skill level 1 in Long Blades
  5669 | D:4      | Reached skill level 1 in Fighting
  5725 | D:5      | Entered Level 5 of the Dungeon
  5802 | D:5      | Noticed Blork the orc
  5808 | D:5      | Killed Blork the orc
  5808 | D:5      | Reached skill level 10 in Conjurations
  5912 | D:5      | Reached XP level 8. HP: 18/44 MP: 0/12
  7080 | D:6      | HP: 1/45 [something (3)]
  7083 | D:6      | Slain by an unseen horror

Skill      XL: |  1  2  3  4  5  6  7  8 |
---------------+-------------------------+-----
Armour         | 1 2 3 4 |  4.0
Conjurations   | 6 7 8 9 10 | 10.9
Long Blades    | 3 4 |  4.7
Fighting       | 1 2 |  2.4
Dodging        | |  2.1
Stealth        | |  2.0
Spellcasting   | |  2.0

Action                   |  1- 3 |  4- 6 |  7- 9 || total
-------------------------+-------+-------+-------++-------
Melee: Unarmed           |   569 |       |       ||   569
       Peck              |   176 |     4 |     6 ||   186
       Kick              |   298 |     7 |     7 ||   312
       Dagger            |       |    21 |    18 ||    39
 Cast: Magic Dart        |    55 |    46 |    43 ||   144
       Searing Ray       |     2 |    10 |    20 ||    32
       Iskenderun's Myst |       |     2 |       ||     2
Evoke: Wand              |       |       |     3 ||     3
  Use: Scroll            |     5 |       |     1 ||     6
       Potion            |     1 |     4 |     2 ||     7
 Stab: Sleeping          |     1 |     1 |       ||     2
  Eat: Chunk             |     4 |     9 |     9 ||    22
       Beef jerky        |     2 |       |       ||     2
Armor: Robe              |     1 |     2 |     7 ||    10
       Leather armour    |       |       |     4 ||     4
Dodge: Dodged            |    10 |    19 |    22 ||    51
